 Dungeon Crawl Stone Soup version 0.21-a0-504-g2eda330 (webtiles) character file.

5948 Gildeon the Ducker (level 10, -3/81 HPs)
             Began as a Demigod Fighter on Nov 24, 2017.
             Slain by a vampire (5 damage)
             ... on level 9 of the Dungeon on Nov 25, 2017.
             The game lasted 00:48:33 (9563 turns).

Gildeon the Ducker (Demigod Fighter)                Turns: 9563, Time: 00:48:34

Health: -3/81      AC: 18    Str: 21    XL:     10   Next: 29%
Magic:  14/14      EV:  8    Int: 12    God:
Gold:   534        SH: 11    Dex: 19    Spells: 9/9 levels left

rFire    . . .     SeeInvis .   a - +2 dagger (holy)
rCold    . . .     Gourm    .   c - +0 shield
rNeg     + . .     Faith    .   C - +1 plate armour
rPois    +         Spirit   .   t - +0 helmet "Utyusk" {rPois rN+}
rElec    .         Reflect  .   r - +0 cloak
rCorr    +         Harm     .   h - +0 pair of gloves
MR       +....                  n - +0 pair of boots
Stlth    ..........             x - amulet of rage
HPRegen  0.23/turn              p - ring of resist corrosion
MPRegen  0.14/turn              (no ring)

@: lethally poisoned (-3 -> -4)
A: high mp 1
a: Evoke Berserk Rage


You were on level 9 of the Dungeon.
You were not hungry.

You visited 1 branch of the dungeon, and saw 9 of its levels.

You collected 534 gold pieces.

Inventory:

Hand Weapons
 a - a +2 dagger of holy wrath (weapon)
 b - a +3 short sword of venom
 d - a +3 mace of protection
Missiles
 H - 8 tomahawks (quivered)
Armour
 c - a +0 shield (worn)
 h - a +0 pair of gloves (worn)
 n - a +0 pair of boots (worn)
 r - a +0 cloak (worn)
 t - the +0 helmet "Utyusk" (worn) {rPois rN+}
   (You took it off Robin on level 2 of the Dungeon)

   It protects you from poison.
   It protects you from negative energy.
 C - a +1 plate armour (worn)
Magical Staves
 y - an uncursed staff of air
Jewellery
 p - a ring of resist corrosion (left hand)
 x - an amulet of rage (around neck)
Wands
 e - a wand of enslavement (9)
 m - a wand of paralysis (66)
Scrolls
 j - a scroll of identify
 l - 3 scrolls of teleportation
 o - 3 scrolls of remove curse
 s - a scroll of amnesia
 w - 3 scrolls of fog
Potions
 v - a potion of brilliance {unknown}
 A - 2 potions of resistance {unknown}
 B - a potion of lignification {unknown}
 E - a potion of magic {unknown}
 F - a potion of degeneration {unknown}
 G - a potion of berserk rage {unknown}
Miscellaneous
 u - a lamp of fire (inert)
Comestibles
 f - 8 bread rations
 g - 4 fruits
 i - 6 chunks of flesh
 k - 4 royal jellies
 q - 8 meat rations


   Skills:
 - Level 5.1 Fighting
 - Level 5.9 Short Blades
 - Level 5.0(5.8) Maces & Flails
 - Level 4.5(5.5) Staves
 - Level 5.0 Throwing
 - Level 5.0 Armour
 - Level 6.3 Dodging
 - Level 5.4 Shields
 + Level 1.3 Evocations


You had 9 spell levels left.
You didn't know any spells.

Dungeon Overview and Level Annotations

Branches:
Dungeon (9/15)             Temple (0/1) D:6
   Lair: D:8-11         Orc: D:9-12

Shops:
D:5 }


Innate Abilities, Weirdness & Mutations

You have an increased reservoir of magic. (+10% MP)


Message History

You block the vampire's attack.
The vampire bites you but does no damage.
You completely miss the vampire.
The vampire is heavily damaged.
You feel sick.
The vampire hits you but does no damage.
The vampire bites you!
* * * LOW HITPOINT WARNING * * *
The vampire draws strength from your injuries!
You completely miss the vampire.
The vampire is heavily damaged.
The vampire casts a spell.
The vampire flickers and vanishes!
Deactivating autopickup; reactivate with Ctrl-A.
You barely miss something. You hit something but do no damage.
Something hits you!
* * * LOW HITPOINT WARNING * * *
Something bites you but does no damage.
You hit something but do no damage. Something hits you.
You die...

#.#.##.#.#.._..........
# #.##.#.#.#..#########
#........#..#
####.#.###..#
#.#......# ##.#####.##
.........# ########.#
#@# ##{##### #......##
...####.........
..........##.###
.).#.#.....# # #
#.)..## ##).## )..#


There were no monsters in sight!

Vanquished Creatures
  3 two-headed ogres
  A spriggan (D:7)
  A wyvern (D:8)
  4 yaks (D:7)
  Duvessa (D:5)
  2 ice beasts
  A black bear (D:6)
  An eye of draining (D:9)
  A necrophage (D:8)
  A phantom (D:6)
  3 ogres
  4 centaurs
  Blork the orc (D:6)
  2 bullfrogs
  Dowan (D:5)
  A scorpion (D:8)
  10 killer bees
  5 crimson imps
  3 hounds
  An orc priest (D:8)
  3 centaur skeletons
  A quasit (D:8)
  7 orc wizards
  3 iguanas
  8 worker ants
  Robin (D:2)
  A howler monkey skeleton (D:7)
  11 adders
  4 gnolls (D:3)
  3 shadow imps
  2 adder skeletons
  An adder zombie (D:6)
  3 worms
  2 dart slugs
  6 leopard geckos
  16 orcs
  3 ball pythons
  4 bats
  6 giant cockroaches
  19 goblins
  6 hobgoblins
  8 jackals
  2 quokkas
  5 frilled lizards
  10 kobolds
  A leopard gecko skeleton (D:4)
  7 rats
190 creatures vanquished.

Vanquished Creatures (collateral kills)
  An orc (D:8)
1 creature vanquished.

Vanquished Creatures (others)
  A killer bee (D:9)
  2 orcs (D:9)
3 creatures vanquished.

Grand Total: 194 creatures vanquished

Notes
Turn   | Place    | Note
-------+----------+-------------------------------------------
     0 | D:1      | Gildeon the Demigod Fighter began the quest for the Orb.
     0 | D:1      | Reached XP level 1. HP: 18/18 MP: 3/3
   284 | D:1      | Reached XP level 2. HP: 25/25 MP: 4/4
  1170 | D:2      | Reached XP level 3. HP: 26/30 MP: 5/5
  1619 | D:2      | Noticed Robin
  1628 | D:2      | Killed Robin
  1630 | D:2      | Got a spiked helmet
  1845 | D:2      | Identified the +0 helmet "Utyusk" {rPois rN+} (You took it off Robin on level 2 of the Dungeon)
  1880 | D:2      | Reached XP level 4. HP: 37/37 MP: 6/6
  1918 | D:2      | Found a shattered altar of Ashenzari.
  2565 | D:3      | Reached skill level 5 in Maces & Flails
  2572 | D:3      | Reached XP level 5. HP: 33/44 MP: 7/7
  3198 | D:4      | Reached skill level 1 in Short Blades
  3384 | D:4      | Found a radiant altar of Vehumet.
  3462 | D:4      | Reached XP level 6. HP: 51/51 MP: 8/8
  3470 | D:4      | Found an ancient bone altar of Kikubaaqudgha.
  3470 | D:4      | Found a glowing golden altar of the Shining One.
  3962 | D:5      | Entered Level 5 of the Dungeon
  4108 | D:5      | Found Wodd's Gadget Boutique.
  4278 | D:5      | Found an ornate altar of the Wu Jian Council.
  4380 | D:5      | Found a bloodstained altar of Trog.
  4419 | D:5      | Reached XP level 7. HP: 57/57 MP: 9/9
  4427 | D:5      | Noticed Duvessa
  4427 | D:5      | Noticed Dowan
  4436 | D:5      | Killed Dowan
  4436 | D:5      | Reached skill level 5 in Short Blades
  4446 | D:5      | Killed Duvessa
  4890 | D:5      | Found an ornate altar of the Wu Jian Council.
  5128 | D:6      | Reached skill level 1 in Staves
  5234 | D:6      | Reached XP level 8. HP: 55/63 MP: 10/10
  5431 | D:6      | Upgraded the game from 0.21-a0-498-g1b60429 to 0.21-a0-504-g2eda330
  5483 | D:6      | Reached skill level 5 in Fighting
  5569 | D:6      | Found a white marble altar of Elyvilon.
  5938 | D:7      | Found a sparkling altar of Nemelex Xobeh.
  5945 | D:7      | Got a warped plate armour
  6381 | D:6      | Reached skill level 5 in Armour
  6626 | D:6      | Identified the cursed +1 plate armour of Impatience {*Drain rPois Int+4 Stlth+} (You found it on level 7 of the Dungeon)
  6676 | D:6      | Found a staircase to the Ecumenical Temple.
  6676 | D:6      | Noticed Blork the orc
  6690 | D:6      | Killed Blork the orc
  6751 | D:7      | Reached XP level 9. HP: 37/74 MP: 11/11
  6775 | D:7      | Reached skill level 5 in Shields
  7080 | D:7      | Reached skill level 1 in Dodging
  7222 | D:7      | Reached skill level 2 in Dodging
  7507 | D:8      | Reached skill level 3 in Dodging
  7539 | D:8      | Reached skill level 4 in Dodging
  8078 | D:8      | Reached skill level 5 in Dodging
  8111 | D:8      | Noticed a two-headed ogre
  8495 | D:8      | Killed a two-headed ogre
  8495 | D:8      | Reached skill level 6 in Dodging
  8642 | D:8      | Found a stormy altar of Qazlal.
  8699 | D:8      | Found a stormy altar of Qazlal.
  8702 | D:8      | Found a shimmering altar of Xom.
  8702 | D:8      | Found an ancient bone altar of Kikubaaqudgha.
  8705 | D:8      | Found a shimmering altar of Xom.
  8705 | D:8      | Found a burning altar of Makhleb.
  8705 | D:8      | Found a burning altar of Makhleb.
  8732 | D:8      | Noticed a two-headed ogre
  8743 | D:8      | Killed a two-headed ogre
  8743 | D:8      | Reached XP level 10. HP: 80/81 MP: 13/13
  8975 | D:9      | Noticed a two-headed ogre
  9324 | D:9      | Killed a two-headed ogre
  9468 | D:9      | Found a sacrificial altar of Ru.
  9524 | D:9      | Reached skill level 5 in Throwing
  9535 | D:9      | Reached skill level 1 in Evocations
  9562 | D:9      | HP: 2/81 [something (10)]
  9563 | D:9      | Slain by a vampire

Vault maps used:
D:1:      onia_arrival_mini_spirals, minivault_5
D:2:      old_standard_altar, uniq_robin
D:4:      kennysheep_spiral_hall, gammafunk_temple_overflow_wave,
          fiery_altar_vehumet, first_bread
D:5:      lemuel_crystal_altar, bloody_trog, basic_altar, serial_shops,
          nicolae_shop_window_shopping, uniq_duvessa
D:6:      elyvilon_altar_4, minmay_temple_entry_from_below_a, uniq_blork_the_orc
D:7:      nemelex_xobeh_ov_fountains_minmay, the_bakery, minmay_hedge_maze,
          kennysheep_generic_room_13
D:8:      grunt_qazlal_clouds, serial_curves, eino_curves_02, eino_curves_03,
          eino_curves_03, eino_curves_04, doesnt_xom_only_xom
D:9:      overflow_temple_1_default, lair_entry_dummy, david_orc_4

Skill      XL: |  1  2  3  4  5  6  7  8  9 10 |
---------------+-------------------------------+-----
Maces & Flails | 2 3 4 5 |  5.0
Fighting       | 3 5 |  5.1
Short Blades   | 2 4 5 |  5.9
Staves         | 4 |  4.5
Armour         | 5 |  5.0
Shields        | 3 5 |  5.4
Dodging        | 6 |  6.3
Throwing       | 3 5 |  5.0
Evocations     | 1 |  1.3

Action                   |  1- 3 |  4- 6 |  7- 9 | 10-12 || total
-------------------------+-------+-------+-------+-------++-------
Melee: Flail             |   143 |       |       |       ||   143
       Mace              |     4 |   226 |   212 |    50 ||   492
       Short sword       |       |       |   151 |    29 ||   180
       Dagger            |       |       |    84 |    22 ||   106
Throw: Tomahawk          |       |       |    18 |     3 ||    21
Evoke: Wand              |       |       |     3 |     6 ||     9
       Lamp of fire      |       |       |       |     1 ||     1
  Use: Scroll            |     7 |     7 |     4 |     2 ||    20
       Potion            |     1 |       |     9 |     2 ||    12
 Stab: Paralysed         |       |       |     2 |     3 ||     5
  Eat: Chunk             |    14 |     4 |     5 |       ||    23
       Bread ration      |       |       |     1 |     1 ||     2
       Fruit             |       |       |     1 |       ||     1
Armor: Scale mail        |    64 |    25 |       |       ||    89
       Chain mail        |       |    13 |       |       ||    13
       Plate armour      |       |    81 |   298 |    67 ||   446
Dodge: Dodged            |    37 |    35 |    89 |    25 ||   186
Block: Shield            |    98 |   113 |   232 |    68 ||   511

Table legend:
 A = Spawn XP
 B = Non-spawn XP
 C = Spawn XP percentage of total XP
 D = Spawn monster count
 E = Non-spawn monster count
 F = Spawn count percentage of total count
 G = Total turns spent on level
                    A         B        C        D         E        F      G
               +---------+---------+-------+---------+---------+-------+---------
         Total |       0 |    8498 |   0.0 |       0 |     191 |   0.0 |  9563
               +---------+---------+-------+---------+---------+-------+---------
           D:1 |       0 |      39 |   0.0 |       0 |      22 |   0.0 |  1102
           D:2 |       0 |      78 |   0.0 |       0 |      29 |   0.0 |   995
           D:3 |       0 |     188 |   0.0 |       0 |      29 |   0.0 |  1059
           D:4 |       0 |     312 |   0.0 |       0 |      15 |   0.0 |   806
           D:5 |       0 |     589 |   0.0 |       0 |      15 |   0.0 |  1147
           D:6 |       0 |    1801 |   0.0 |       0 |      30 |   0.0 |  1308
           D:7 |       0 |    1293 |   0.0 |       0 |      14 |   0.0 |  1299
           D:8 |       0 |    2910 |   0.0 |       0 |      24 |   0.0 |  1481
           D:9 |       0 |    1288 |   0.0 |       0 |      13 |   0.0 |   366
               +---------+---------+-------+---------+---------+-------+---------
